 Dungeon Crawl Stone Soup version 0.23-a0-29-g1be82e5 (webtiles) character file.

128837 mopl the Severer (level 17, -8/151 HPs)
             Began as a Hill Orc Monk on Aug 2, 2018.
             Was the Champion of Beogh.
             Shot with an arrow by a satyr (20 damage)
             ... on level 4 of the Shoals on Aug 3, 2018.
             The game lasted 01:32:14 (32426 turns).

mopl the Severer (Hill Orc Monk)                   Turns: 32426, Time: 01:32:15

Health: -8/151     AC: 37    Str: 21    XL:     17   Next: 4%
Magic:  39/39      EV: 13    Int: 11    God:    Beogh [******]
Gold:   1051       SH:  0    Dex: 15    Spells: 16/16 levels left

rFire    + . .     SeeInvis .   a - +1 battleaxe (elec)
rCold    . . .     Gourm    .   (shield currently unavailable)
rNeg     . . .     Faith    +   Z - +10 plate armour of Follow the Leader {rF+ MP+9}
rPois    .         Spirit   .   H - +0 helmet
rElec    .         Reflect  .   O - +2 cloak
rCorr    +         Harm     .   w - +0 pair of gloves
MR       +....                  R - +0 pair of boots
Stlth    ..........             N - amulet of faith {!P}
HPRegen  0.35/turn              y - ring of the Octopus King {rCorr AC+1 EV+1 Str+1 Int+1 Dex+1}
MPRegen  0.26/turn              S - +3 ring of protection

@: lethally poisoned (-8 -> -23), berserk cooldown, slowed, very slow
A: walk on water, subdued magic 1
a: Smiting, Recall Orcish Followers, Give Item to Named Follower, Resurrection,
Renounce Religion


You were on level 4 of the Shoals.
You worshipped Beogh.
Beogh was exalted by your worship.
You were not hungry.

You visited 5 branches of the dungeon, and saw 28 of its levels.
You also visited: Ice Cave and Volcano.

You collected 3734 gold pieces.
You spent 2683 gold pieces at shops.

Inventory:

Hand Weapons
 a - a +1 battleaxe of electrocution (weapon)
 u - a +4 halberd of flaming
Missiles
 k - 4 tomahawks of dispersal
 m - 9 throwing nets
 o - 3 exploding tomahawks
 s - 8 poisoned javelins
 B - 11 javelins
 M - 17 bolts
 T - 52 tomahawks (quivered)
 U - 16 javelins of penetration
Armour
 f - the cursed +0 ring mail "Losar" {+Inv rF- rC+++ Dex-4, unknown}
   (You found it on level 3 of the Shoals)

   It affects your dexterity (-4).
   It makes you vulnerable to fire.
   It renders you almost immune to cold.
   It lets you turn invisible.
   It has a curse placed upon it.
 w - a +0 pair of gloves (worn)
 H - a +0 helmet (worn)
 O - a +2 cloak (worn)
 R - a +0 pair of boots (worn)
 Z - the +10 plate armour of Follow the Leader (worn) {rF+ MP+9}
   (You found it on level 1 of the Lair of Beasts)

   It protects you from fire.
   It affects your magic capacity (+9).
Jewellery
 y - a ring of the Octopus King (left hand) {rCorr AC+1 EV+1 Str+1 Int+1 Dex+1}
   (You found it on level 2 of the Orcish Mines)

   [ring of resist corrosion]

   It affects your AC (+1).
   It affects your evasion (+1).
   It affects your strength (+1).
   It affects your intelligence (+1).
   It affects your dexterity (+1).
 F - an uncursed ring of protection from fire
 I - the ring of Cuesuzu {rElec rC+ rN+}
   (You found it in an ice cave)

   [ring of protection from cold]

   It protects you from cold.
   It insulates you from electricity.
   It protects you from negative energy.
 N - an amulet of faith (around neck) {!P}
 S - a +3 ring of protection (right hand)
Wands
 l - a wand of iceblast (6)
 z - a wand of acid (17)
 A - a wand of disintegration (18)
 C - a wand of polymorph (14)
 G - a wand of scattershot (5)
 V - a wand of paralysis (32)
Scrolls
 b - 9 scrolls of magic mapping
 d - 14 scrolls of teleportation
 g - a scroll of silence {!r}
 h - 5 scrolls of identify
 j - 7 scrolls of blinking
 n - 10 scrolls of remove curse
 v - 5 scrolls of fog
 D - 5 scrolls of fear
 J - a scroll of summoning
 P - a scroll of immolation
 W - 2 scrolls of vulnerability
Potions
 e - 15 potions of curing
 i - 3 potions of ambrosia
 p - 6 potions of agility
 q - 3 potions of lignification {!q}
 r - 7 potions of might
 t - 5 potions of cancellation
 E - 5 potions of resistance
 K - 2 potions of berserk rage {!q}
 L - 5 potions of haste
 Q - 13 potions of heal wounds
Miscellaneous
 x - a lamp of fire
 Y - a phial of floods
Comestibles
 c - 40 rations


   Skills:
 + Level 13.7 Fighting
 * Level 20.8 Axes
 + Level 3.3 Throwing
 + Level 12.1 Armour
 + Level 10.0 Dodging
 - Level 1.5 Stealth
 * Level 18.4 Invocations
 + Level 0.7 Evocations


You had 16 spell levels left.
You didn't know any spells.
Your spell library contained the following spells:

 Spells                   Type           Power        Failure   Level  Hunger
 Conjure Flame            Conj/Fire      #.......     100%        3    ####...
 Slow                     Hex            #.......     99%         2    ###....
 Confuse                  Hex            #.......     100%        3    ####...
 Freezing Cloud           Conj/Ice/Air   #.........   100%        6    #######
 Mephitic Cloud           Conj/Pois/Air  #.......     100%        3    ####...
 Ring of Flames           Chrm/Fire      #.........   100%        7    #######
 Animate Dead             Necr           N/A          100%        4    #####..
 Pain                     Necr           #...         99%         1    ##.....
 Animate Skeleton         Necr           N/A          99%         1    ##.....
 Vampiric Draining        Necr           #.........   100%        3    ####...
 Regeneration             Chrm/Necr      #.........   100%        3    ####...
 Passwall                 Tmut/Erth      #.......     99%         2    ###....
 Metabolic Englaciation   Hex/Ice        #.........   100%        5    ######.
 Silence                  Hex/Air        #.........   100%        5    ######.
 Portal Projectile        Hex/Tloc       #.....       100%        3    ####...
 Shroud of Golubria       Chrm/Tloc      #.........   99%         2    ###....
 Infusion                 Chrm           #...         99%         1    ##.....
 Song of Slaying          Chrm           #.......     99%         2    ###....
 Spectral Weapon          Hex/Chrm       #.......     100%        3    ####...
 Poisonous Vapours        Pois/Air       #.....       99%         2    ###....


Dungeon Overview and Level Annotations

Branches:
Dungeon (15/15)            Temple (1/1) D:4            Lair (6/6) D:10
 Shoals (4/4) Lair:2        Snake (0/4) Lair:3        Slime (0/5) Lair:5
    Orc (2/2) D:9             Elf (0/3) Orc:2        Vaults (0/5) D:14
 Depths (0/5) D:15

Altars:
Ashenzari
Cheibriados
Dithmenos
Elyvilon
Fedhas
Gozag
Hepliaklqana
Kikubaaqudgha
Makhleb
Nemelex Xobeh
Okawaru
Qazlal
Ru
Sif Muna
Trog
Uskayaw
Vehumet
Wu Jian
Xom
Yredelemnul
Zin
The Shining One
Beogh

Shops:
D:3 *   D:4 (   D:13 =}*   Orc:2 ?}!!

Annotations:
D:15 dig


Innate Abilities, Weirdness & Mutations

You can walk on water.
Your spells are a little easier to cast, but a little less powerful.


Message History

The javelin closely misses you.
You hear a splash.
Orik hits the merfolk javelineer with a mace.
The satyr shoots an arrow.
The arrow hits you!
* * * LOW HITPOINT WARNING * * *
You hear a splash.
The merfolk javelineer throws a javelin.
The javelin hits you but does no damage.
You hear a splash.
Unknown command.
You feel sick.
The merfolk javelineer hits you from afar with a spear of venom.
* * * LOW HITPOINT WARNING * * *
You are more poisoned.
The merfolk javelineer barely misses you.
Orik closely misses the merfolk javelineer.
The merfolk javelineer hits you from afar with a spear of venom!
* * * LOW HITPOINT WARNING * * *
The satyr shoots an arrow.
The arrow hits you!!
You die...

.....#####.P. ≈≈≈ ....P...PP..
≈PP. ......PPP#####
≈≈...#......P##...##
PPP.##.......#.....# ..
≈P...........+≈.φ..#.....
≈PP......<...#≈mcm.#......
≈≈≈≈≈....(..≈##o()##.≈≈....
≈≈≈≈≈≈...≈(≈≈≈##@##..≈≈.≈≈..
≈≈≈≈≈≈..≈≈≈≈≈≈≈(≈.....≈≈≈≈≈..
≈≈≈)≈≈.≈≈≈≈≈≈≈≈≈.........≈≈≈≈.
≈≈≈≈≈≈≈≈≈≈≈..≈≈≈.........≈≈≈≈≈
≈≈≈≈≈≈≈≈≈≈......<......≈.≈≈≈≈≈
≈≈≈≈≈≈≈≈≈.............≈≈≈≈≈≈≈≈
...≈≈≈≈≈≈.............≈≈≈≈≈≈≈≈
....≈≈≈≈≈.....≈≈≈....≈.≈≈≈≈≈≈≈
.....≈#####...≈≈≈....≈..≈≈≈≈≈≈


You could see 2 merfolk javelineers, a satyr and the friendly Orik the orc
knight.

Vanquished Creatures
  Ilsuiw (Shoals:3)
  Snorg (Lair:6)
  4 merfolk javelineers
  2 merfolk impalers (Shoals:4)
  A fire dragon (Lair:6)
  A yaktaur captain (D:15)
  A great orb of eyes (D:15)
  2 hydras (Lair:6)
  An alligator snapping turtle (Shoals:3)
  4 centaur warriors
  4 merfolk aquamancers
  2 ice dragons (IceCv)
  9 two-headed ogres
  2 merfolk avatars (Shoals:3)
  A satyr (Shoals:4)
  2 tengu warriors (D:15)
  A death yak (Lair:6)
  3 slime creatures (D:14)
  Nergalle (Orc:1)
  A hell knight (Volcano)
  6 sea snakes
  An unseen horror (D:14)
  A lindwurm (Lair:6)
  2 orc knights
  9 harpies
  A deep elf mage (D:15)
  7 cyclopes
  9 manticores
  5 ugly things (D:15)
  5 fauns
  A faun (shapeshifter) (D:15)
  4 merfolk sirens
  4 elephants
  4 black mambas
  2 water nymphs
  3 molten gargoyles
  2 ice statues (IceCv)
  4 torpor snails (Lair:6)
  6 spiny frogs
  A kobold demonologist (D:12)
  3 komodo dragons
  4 yaktaurs
  4 rime drakes
  A freezing wraith (D:14)
  An efreet (D:13)
  A tengu conjurer (D:15)
  7 merfolk
  The ghost of urutzu the Ogre Mage, an amateur OgWz of Xom (D:5)
  2 queen bees
  3 trolls
  2 meliai (D:13)
  3 hornets
  4 wind drakes
  3 blink frogs
  A tyrant leech (Lair:6)
  A hippogriff (shapeshifter) (D:15)
  4 dream sheep
  8 hippogriffs
  7 snapping turtles
  A shadow (D:15)
  2 wraiths
  3 water elementals
  29 yaks
  The ghost of jjfam the Chopper, an amateur MiBe of Trog (D:3)
  3 wyverns
  A fire bat (Volcano)
  A basilisk (D:13)
  6 hogs (D:15)
  3 vampire mosquitoes
  2 hungry ghosts
  An acid dragon (D:13)
  2 nagas (Lair:3)
  8 porcupines
  9 water moccasins
  Duvessa (D:7)
  10 orc warriors
  3 sky beasts
  A hornet zombie (D:9)
  An eye of draining (D:13)
  25 ice beasts
  6 wolves
  17 ogres
  A phantom (D:5)
  A necrophage (D:8)
  A boggart (D:13)
  3 black bears
  7 crocodiles
  6 centaurs
  A big kobold (D:6)
  12 bullfrogs
  A wyvern zombie (D:12)
  Dowan (D:7)
  2 scorpions
  23 killer bees
  A vampire bat (Lair:2)
  11 wights
  An electric eel (Lair:2)
  A howler monkey (D:9)
  3 centaur zombies
  A lava snake (Volcano)
  7 crimson imps
  10 hounds
  2 jellies (D:5)
  7 orc priests
  5 centaur skeletons
  6 orc wizards
  Crazy Yiuf (D:3)
  3 bullfrog skeletons
  3 iguanas
  Jessica (D:3)
  Ijyb (D:5)
  15 worker ants
  4 hound zombies
  A hound skeleton (D:10)
  A worker ant zombie (D:7)
  A howler monkey skeleton (D:6)
  3 gnolls (D:4)
  13 adders
  4 shadow imps
  An ooze (D:2)
  2 worms
  A dart slug (D:1)
  2 leopard geckos
  21 orcs
  A ball python (D:3)
  10 bats
  8 giant cockroaches
  11 goblins
  9 hobgoblins
  7 jackals
  5 quokkas
  13 frilled lizards
  A jackal skeleton (D:8)
  8 kobolds
  A quokka skeleton (D:6)
  6 rats
  4 plants
593 creatures vanquished.

Vanquished Creatures (collateral kills)
  Nikola (Shoals:3)
  An orc warlord (Orc:2)
  The ghost of Ostualona the Sorcerer, an adept DEFE of Vehumet (Shoals:3)
  A merfolk javelineer (Shoals:3)
  An ogre mage (D:15)
  Fannar (Lair:2)
  3 centaur warriors (D:14)
  2 hydras
  A two-headed ogre (D:15)
  2 dancing weapons (D:14)
  4 tengu warriors
  2 death yaks (Lair:6)
  3 orc high priests (Orc:2)
  A deep troll earth mage (D:13)
  A sea snake (Shoals:2)
  2 unseen horrors
  A phantasmal warrior (D:13)
  4 lindwurms
  4 harpies
  The ghost of Karim the Insei, a novice GnTm of Ru (D:7)
  A deep elf mage (D:15)
  2 orc knights (Orc:1)
  A faun (Shoals:2)
  An oklob plant (Lair:5)
  2 orc sorcerers (Orc:2)
  A cyclops (D:14)
  16 elephants
  4 manticores
  A black mamba (Lair:1)
  A water nymph (Shoals:3)
  Psyche (D:8)
  A gargoyle (D:9)
  13 spiny frogs
  A merfolk siren (Shoals:1)
  A molten gargoyle (D:14)
  2 torpor snails (Lair:6)
  A rime drake (Lair:6)
  A kobold demonologist (D:12)
  A komodo dragon (Lair:3)
  3 trolls
  8 merfolk
  A polar bear (Lair:3)
  A meliai (D:13)
  3 tyrant leeches (Lair:6)
  7 dream sheep
  8 blink frogs
  4 hornets (Lair:6)
  3 snapping turtles
  4 hippogriffs
  A shadow (D:11)
  4 water elementals
  A vampire (D:7)
  28 yaks
  5 wyverns
  3 basilisks
  A hungry ghost (D:10)
  A steam dragon (Lair:3)
  4 vampire mosquitoes
  A naga (Lair:3)
  9 water moccasins
  3 porcupines
  2 ice beasts
  2 black bears
  6 orc warriors
  An eye of draining (D:11)
  2 phantoms (D:7)
  6 wolves
  5 centaurs
  2 ogres
  4 crocodiles
  8 bullfrogs
  2 wights
  18 killer bees
  A spectral centaur (D:7)
  A bullfrog zombie (D:13)
  2 crimson imps
  2 jellies
  A bullfrog skeleton (D:8)
  2 orc priests (Orc:2)
  2 iguanas
  5 orc wizards
  3 worker ants
  2 adders
  13 orcs
  3 bats (Lair:2)
  3 giant cockroaches (D:5)
  A bush (Lair:5)
  2 butterflies (D:5)
  9 fungi
  21 plants
323 creatures vanquished.

Vanquished Creatures (others)
  Kirke (D:15)
  An orc warlord (Orc:2)
  An orc high priest (Shoals:3)
  2 orc knights
  A merfolk (Shoals:3)
  6 orc warriors
  2 killer bees (D:13)
  8 orc wizards
  8 orc priests
  38 orcs
  A fire vortex (D:14)
  7 fungi (Lair:6)
  14 plants
90 creatures vanquished.

Grand Total: 1006 creatures vanquished

Notes
Turn   | Place    | Note
-------+----------+-------------------------------------------
     0 | D:1      | mopl the Hill Orc Monk began the quest for the Orb.
     0 | D:1      | Reached XP level 1. HP: 19/19 MP: 1/1
   174 | D:1      | Reached XP level 2. HP: 22/26 MP: 2/2
   332 | D:1      | Reached skill level 5 in Axes
   724 | D:2      | Reached XP level 3. HP: 24/31 MP: 3/3
   732 | D:2      | Reached skill level 6 in Axes
   993 | D:2      | Reached XP level 4. HP: 32/39 MP: 4/4
  1233 | D:2      | Reached skill level 7 in Axes
  1363 | D:3      | Found an opulent altar of Gozag.
  1392 | D:3      | Found Gozag's Platinum Reserve.
  1422 | D:3      | Reached XP level 5. HP: 45/45 MP: 5/5
  1425 | D:3      | Found a transporter.
  1437 | D:3      | Found a transporter.
  1437 | D:3      | Noticed jjfam's ghost (amateur MiBe)
  1439 | D:3      | Noticed an ogre
  1459 | D:3      | Noticed Jessica
  1469 | D:3      | Killed Jessica
  1530 | D:3      | Found a runed door.
  1648 | D:3      | Found a hide-covered altar of Uskayaw.
  1780 | D:3      | Found a faded altar of an unknown god.
  1851 | D:3      | Reached skill level 8 in Axes
  2096 | D:4      | Found Zevve's Distillery.
  2099 | D:4      | Bought a potion of lignification for 33 gold pieces
  2099 | D:4      | Bought a potion of curing for 33 gold pieces
  2166 | D:4      | Reached XP level 6. HP: 38/51 MP: 6/6
  2280 | D:4      | Found a staircase to the Ecumenical Temple.
  2293 | Temple   | Entered the Ecumenical Temple
  2484 | D:4      | Reached skill level 9 in Axes
  2622 | D:4      | Found Uwem's Distillery.
  2622 | D:4      | Found Erisaat's Weapon Emporium.
  2628 | D:4      | Bought a potion of degeneration for 11 gold pieces
  3299 | D:5      | Entered Level 5 of the Dungeon
  3307 | D:5      | Found a bloodstained altar of Trog.
  3357 | D:5      | Noticed Ijyb
  3368 | D:5      | Killed Ijyb
  3387 | D:5      | Found a runed gate.
  3387 | D:5      | Found a runed gate.
  3387 | D:5      | Found a runed gate.
  3388 | D:5      | Found an opulent altar of Gozag.
  3389 | D:5      | Noticed urutzu's ghost (amateur OgWz)
  3517 | D:5      | Noticed a sky beast
  3564 | D:4      | Killed a sky beast
  3564 | D:4      | Reached skill level 10 in Axes
  3564 | D:4      | Reached XP level 7. HP: 44/57 MP: 7/7
  3653 | D:5      | Found a glowing golden altar of the Shining One.
  3673 | D:5      | Reached skill level 4 in Fighting
  3673 | D:5      | Reached skill level 1 in Armour
  3832 | D:5      | Found a sparkling altar of Nemelex Xobeh.
  3867 | D:5      | Found a runed door.
  3881 | D:5      | Found a runed door.
  4281 | D:5      | Reached skill level 11 in Axes
  4281 | D:5      | Reached skill level 2 in Armour
  4281 | D:5      | Reached skill level 3 in Dodging
  4281 | D:5      | Reached XP level 8. HP: 24/67 MP: 8/8
  4508 | D:6      | Became a worshipper of Beogh the Brigand
  4508 | D:6      | Reached * piety under Beogh
  4508 | D:6      | Reached ** piety under Beogh
  4590 | D:6      | Reached skill level 5 in Fighting
  4694 | D:6      | Reached skill level 3 in Armour
  4908 | D:6      | Reached skill level 1 in Invocations
  4952 | D:6      | Reached skill level 2 in Invocations
  5132 | D:6      | Reached skill level 12 in Axes
  5132 | D:6      | Reached XP level 9. HP: 59/74 MP: 10/10
  5223 | D:7      | Noticed Duvessa
  5224 | D:7      | Noticed Dowan
  5271 | D:7      | Killed Duvessa
  5271 | D:7      | Reached skill level 3 in Invocations
  5275 | D:7      | Killed Dowan
  5313 | D:7      | Reached skill level 4 in Armour
  5321 | D:7      | Reached skill level 4 in Dodging
  5348 | D:7      | Found a transporter.
  5354 | D:7      | Found a transporter.
  5373 | D:7      | Noticed a two-headed ogre
  5416 | D:6      | Reached skill level 6 in Fighting
  5488 | D:4      | Bought a potion of berserk rage for 55 gold pieces
  5540 | D:4      | Bought a potion of heal wounds for 55 gold pieces
  5540 | D:4      | Bought a potion of haste for 110 gold pieces
  5540 | D:4      | Bought a potion of agility for 44 gold pieces
  5580 | D:7      | Reached skill level 4 in Invocations
  5798 | D:7      | Killed a two-headed ogre
  5798 | D:7      | Reached skill level 5 in Invocations
  5940 | D:7      | Noticed Karim's ghost (novice GnTm)
  6081 | D:3      | Killed jjfam's ghost
  6081 | D:3      | Reached skill level 13 in Axes
  6081 | D:3      | Reached skill level 5 in Armour
  6081 | D:3      | Reached skill level 6 in Invocations
  6081 | D:3      | Reached XP level 10. HP: 72/84 MP: 14/14
  6083 | D:3      | Got a crystal great mace {holy}
  6101 | D:3      | Identified the +8 great mace "Lucwoaj" {holy, rF+} (You took it off an ogre on level 3 of the Dungeon)
  6129 | D:3      | Noticed Crazy Yiuf
  6139 | D:3      | Killed Crazy Yiuf
  6254 | D:8      | Reached *** piety under Beogh
  6341 | D:8      | Reached skill level 7 in Fighting
  6422 | D:8      | Noticed Psyche
  6432 | D:8      | Killed Psyche
  6432 | D:8      | Reached skill level 7 in Invocations
  6439 | D:8      | Noticed a two-headed ogre
  6445 | D:8      | Killed a two-headed ogre
  6445 | D:8      | Gained Arkwar as an ally
  6445 | D:8      | Reached skill level 5 in Dodging
  7050 | D:9      | Found a staircase to the Orcish Mines.
  7090 | D:9      | Reached skill level 8 in Invocations
  7111 | D:9      | Noticed a gargoyle
  7127 | D:9      | Killed a gargoyle
  7349 | D:9      | Reached skill level 6 in Armour
  7651 | D:10     | Entered Level 10 of the Dungeon
  7851 | D:10     | Noticed an elephant
  7859 | D:10     | Reached skill level 14 in Axes
  7864 | D:10     | Killed an elephant
  7867 | D:10     | Reached **** piety under Beogh
  7867 | D:10     | Reached XP level 11. HP: 82/93 MP: 17/17
  7885 | D:10     | Found a staircase to the Lair.
  7947 | D:10     | Reached skill level 8 in Fighting
  7947 | D:10     | Reached skill level 9 in Invocations
  8222 | D:4      | Bought a potion of might for 44 gold pieces
  8222 | D:4      | Bought a potion of mutation for 88 gold pieces
  8222 | D:4      | Bought a potion of brilliance for 44 gold pieces
  8576 | D:11     | Noticed a cyclops
  8593 | D:11     | Killed a cyclops
  9413 | D:11     | Identified Sif Muna's Disquisition on Mutagenic Enchantment
  9881 | D:12     | Reached skill level 10 in Invocations
 10011 | D:12     | Noticed a manticore
 10019 | D:12     | Killed a manticore
 10147 | D:12     | Reached skill level 7 in Armour
 10189 | D:12     | Reached skill level 15 in Axes
 10189 | D:12     | Reached skill level 6 in Dodging
 10246 | D:12     | Reached ***** piety under Beogh
 10661 | D:5      | Killed urutzu's ghost
 10888 | D:7      | Killed Karim's ghost
 10889 | D:7      | Reached skill level 9 in Fighting
 11000 | Orc:1    | Entered Level 1 of the Orcish Mines
 11000 | Orc:1    | Noticed Nergalle
 11005 | Orc:1    | Killed Nergalle
 11015 | Orc:1    | Reached skill level 11 in Invocations
 11015 | Orc:1    | Reached XP level 12. HP: 102/104 MP: 20/20
 11910 | D:13     | Found Voje's Jewellery Shoppe.
 11917 | D:13     | Found Fipa's Gadget Emporium.
 12255 | D:13     | Gained Urtork as an ally
 12302 | D:13     | Noticed a deep troll earth mage
 12310 | D:13     | Killed a deep troll earth mage
 12920 | D:13     | Noticed a centaur warrior
 12931 | D:13     | Killed a centaur warrior
 12931 | D:13     | Reached skill level 8 in Armour
 12931 | D:13     | Reached skill level 12 in Invocations
 12987 | D:13     | Reached skill level 16 in Axes
 13761 | D:13     | Found Buptogosk's General Store.
 13783 | D:13     | Bought a scroll of holy word for 75 gold pieces
 13934 | Lair:1   | Entered Level 1 of the Lair of Beasts
 14165 | Lair:1   | Reached skill level 10 in Fighting
 14279 | Lair:1   | Reached ****** piety under Beogh
 14284 | Lair:1   | Reached skill level 7 in Dodging
 14307 | Lair:1   | Found a dark tunnel.
 14317 | Volcano  | Entered a volcano
 14695 | Volcano  | Found a radiant altar of Vehumet.
 14695 | Volcano  | Noticed a centaur warrior
 14703 | Volcano  | Reached XP level 13. HP: 77/113 MP: 21/22
 14710 | Volcano  | Reached skill level 13 in Invocations
 15562 | Lair:1   | Got a twisted plate armour
 15573 | Lair:1   | Identified the +10 plate armour of Follow the Leader {rF+ MP+9} (You found it on level 1 of the Lair of Beasts)
 16350 | Lair:1   | Found the +8 whip "Snakebite" {curare, rPois}
 16488 | Lair:2   | Gained Agrik as an ally
 16562 | Lair:2   | Reached skill level 17 in Axes
 16598 | Lair:2   | Reached skill level 9 in Armour
 16753 | Lair:2   | Noticed Fannar
 16766 | Lair:2   | Killed Fannar
 16870 | Lair:2   | Gained Hilgar as an ally
 16998 | Lair:2   | Found a staircase to the Shoals.
 17358 | Lair:3   | Gained Arbeogh as an ally
 17368 | Lair:3   | Gained Borgoth as an ally
 17368 | Lair:3   | Reached skill level 14 in Invocations
 17470 | Lair:3   | Found a staircase to the Snake Pit.
 17490 | Lair:3   | Reached skill level 11 in Fighting
 17620 | Lair:3   | Reached XP level 14. HP: 123/124 MP: 24/24
 18031 | Lair:4   | Reached skill level 8 in Dodging
 18040 | Lair:4   | Found a frozen archway.
 18069 | IceCv    | Entered an ice cave
 18439 | IceCv    | Gained Ugrim as an ally
 18487 | IceCv    | Your ally Ugrim died
 18516 | IceCv    | Reached skill level 18 in Axes
 18586 | IceCv    | Got a sparkling garnet amulet
 18592 | IceCv    | Got a warped wooden ring
 18681 | IceCv    | Identified the ring of Cuesuzu {rElec rC+ rN+} (You found it in an ice cave)
 18687 | IceCv    | Identified the amulet of Tehaecs {+Rage rC- Int+3 Dex+4} (You found it in an ice cave)
 18733 | Lair:4   | Reached skill level 15 in Invocations
 19333 | D:4      | Bought 2 potions of heal wounds for 110 gold pieces
 19333 | D:4      | Bought a potion of resistance for 110 gold pieces
 19333 | D:4      | Bought a potion of curing for 33 gold pieces
 19333 | D:4      | Bought a potion of heal wounds for 55 gold pieces
 19333 | D:4      | Bought a potion of ambrosia for 88 gold pieces
 19333 | D:4      | Bought a potion of ambrosia for 88 gold pieces
 19333 | D:4      | Bought a potion of curing for 33 gold pieces
 19333 | D:4      | Bought a potion of agility for 44 gold pieces
 19333 | D:4      | Bought a potion of cancellation for 88 gold pieces
 19333 | D:4      | Bought a potion of ambrosia for 88 gold pieces
 19389 | D:4      | Bought a potion of agility for 44 gold pieces
 19389 | D:4      | Bought a potion of haste for 110 gold pieces
 19389 | D:4      | Bought a potion of curing for 33 gold pieces
 19389 | D:4      | Bought a potion of resistance for 110 gold pieces
 19616 | Lair:5   | Found a staircase to the Slime Pits.
 19845 | Lair:5   | Reached skill level 10 in Armour
 20635 | Lair:6   | Entered Level 6 of the Lair of Beasts
 20657 | Lair:6   | Noticed Snorg
 20661 | Lair:6   | Killed Snorg
 20791 | Lair:6   | Gained Spirok as an ally
 21492 | Lair:6   | Reached skill level 12 in Fighting
 21702 | Lair:6   | Found a runed door.
 22176 | Lair:6   | Reached XP level 15. HP: 110/132 MP: 26/26
 22211 | Lair:6   | Reached skill level 16 in Invocations
 22270 | Lair:6   | Got a jewelled plate armour
 22442 | Lair:1   | Identified the +5 plate armour of Nukoe {+Blink rF+ MP+9} (You found it on level 6 of the Lair of Beasts)
 22720 | D:14     | Reached skill level 19 in Axes
 22958 | D:14     | Found a shadowy altar of Dithmenos.
 23130 | D:14     | Found a gate to the Vaults.
 24219 | D:15     | Entered Level 15 of the Dungeon
 24223 | D:15     | Paralysed by a hornet for 2 turns
 24333 | D:15     | Reached skill level 9 in Dodging
 24447 | D:15     | Gained Gorg as an ally
 24736 | D:15     | Reached skill level 11 in Armour
 24739 | D:15     | Gained Ugbert as an ally
 25077 | D:15     | Noticed Kirke
 25101 | D:15     | Noticed a sphinx
 25112 | D:15     | Killed Kirke
 25112 | D:15     | Reached skill level 17 in Invocations
 25262 | D:15     | Found a staircase to the Depths.
 25681 | Orc:2    | Entered Level 2 of the Orcish Mines
 25844 | Orc:2    | Gained Gorbash as an ally
 25946 | Orc:2    | Noticed Sonja
 25948 | Orc:2    | Noticed Sonja
 25948 | Orc:2    | Sonja changed into Sonja the black bear
 25951 | Orc:2    | Killed Sonja the black bear
 25951 | Orc:2    | Gained Ognian as an ally
 26147 | Orc:2    | Found a staircase to the Elven Halls.
 26233 | Orc:2    | Noticed an orc warlord
 26236 | Orc:2    | Found a roughly hewn altar of Beogh.
 26248 | Orc:2    | Gained Borgun as an ally
 26316 | Orc:2    | Found Huolie Ciova's Distillery.
 26323 | Orc:2    | Gained Boderik as an ally
 26371 | Orc:2    | Gained mutation: Your spells are a little easier to cast, but a little less powerful. [a neqoxec]
 26414 | Orc:2    | Found Qeoteg's Distillery.
 26415 | Orc:2    | Reached XP level 16. HP: 74/141 MP: 28/28
 26467 | Orc:2    | Reached skill level 13 in Fighting
 26478 | Orc:2    | Found the ring of the Octopus King
 26481 | Orc:2    | Got a ring of the Octopus King
 26483 | Orc:2    | Identified a ring of the Octopus King {rCorr AC+1 EV+1 Str+1 Int+1 Dex+1} (You found it on level 2 of the Orcish Mines)
 26572 | Orc:2    | Found a roughly hewn altar of Beogh.
 26650 | Orc:2    | Found Qitaus's Magic Scroll Emporium.
 26659 | Orc:2    | Bought a scroll of teleportation for 45 gold pieces
 26659 | Orc:2    | Bought a scroll of acquirement for 780 gold pieces
 26659 | Orc:2    | Bought a scroll of torment for 112 gold pieces
 26659 | Orc:2    | Bought a scroll of identify for 30 gold pieces
 26659 | Orc:2    | Bought 2 scrolls of identify for 60 gold pieces
 26659 | Orc:2    | Bought a scroll of identify for 30 gold pieces
 26665 | Orc:2    | Found Myutav's Gadget Shoppe.
 26925 | Lair:1   | Upgraded the game from 0.23-a0-14-g8c9a20f to 0.23-a0-29-g1be82e5
 26978 | Shoals:1 | Entered Level 1 of the Shoals
 27109 | Shoals:1 | Reached skill level 20 in Axes
 27704 | Shoals:1 | Reached skill level 1 in Throwing
 28354 | Shoals:2 | Gained Berold as an ally
 28961 | Shoals:2 | Reached skill level 2 in Throwing
 29823 | Shoals:3 | Found a runed gate.
 29823 | Shoals:3 | Found a runed gate.
 29823 | Shoals:3 | Found a runed gate.
 29828 | Shoals:3 | Noticed Ostualona's ghost (adept DEFE)
 29867 | Shoals:3 | Got a faintly humming chain mail
 29879 | Shoals:3 | Reached skill level 18 in Invocations
 30098 | Shoals:2 | Identified the +5 chain mail "Ujekaes" {rC+ SInv} (You found it on level 3 of the Shoals)
 30703 | Shoals:3 | Noticed Nikola
 30717 | Shoals:3 | Killed Nikola
 30732 | Shoals:3 | Gained Worak as an ally
 31126 | Shoals:3 | Got a steaming ring mail
 31187 | Shoals:3 | Your ally Worak died
 31193 | Shoals:3 | Gained Harm as an ally
 31212 | Shoals:3 | Killed Ilsuiw
 31253 | Shoals:3 | Reached skill level 3 in Throwing
 31388 | Shoals:1 | Reached skill level 12 in Armour
 32112 | Shoals:3 | Killed Ostualona's ghost
 32128 | Shoals:3 | Your ally Gorg died
 32332 | Shoals:4 | Entered Level 4 of the Shoals
 32404 | Shoals:4 | Gained Orik as an ally
 32408 | Shoals:4 | Reached skill level 10 in Dodging
 32413 | Shoals:4 | Reached XP level 17. HP: 151/151 MP: 30/30
 32426 | Shoals:4 | Shot with an arrow by a satyr

Vault maps used:
D:1:      elethiomel_arrival_maze, hangedman_decor_growths
D:3:      overflow_temple_1_default, nicolae_gozag_zags_fifth_avenue,
          chequers_ecumenical_altar_simple, gammafunk_ghost_smash,
          roderic_serpentine_path, uniq_crazy_yiuf_cottage, uniq_jessica
D:4:      minmay_temple_entry_glassed_door, serial_shops, shop, shop,
          kennysheep_mini_moat, first_ration, corner_web_ring
D:5:      lemuel_insect_pit, lemuel_round_altar,
          nemelex_xobeh_ov_fountains_minmay, ebering_ghost_gozag,
          trog_hazing_becter, uniq_ijyb
D:6:      st_stairs_6, minmay_divided_ellipse
D:7:      gammafunk_ghost_mausoleum, grunt_ogre_cave, uniq_duvessa
D:8:      hangedman_abyss_or_decor_clamps, uniq_psyche
D:9:      orc_0_dummy, minmay_holes
D:10:     david_lair_generic
D:11:     minmay_misc_feat_x, nicolae_looking_at_the_future
D:13:     regret_index_combs_of_tragedy, serial_shops,
          nicolae_shop_competitors_out_of_business, shop, kennysheep_little_box
D:14:     erik_vaults_1, nrook_mini_vaults,
          hangedman_abyss_or_decor_lesser_grid, st_stairs_3, kennysheep_doodads,
          david_defended_altar_elf
D:15:     grunt_enter_depths_snipers, minivault_12, uniq_kirke
Temple:   regret_index_temple_mists
Lair:1:   minmay_guarded_unrand_snakebite, nicolae_volcano_entry_vermiform
Lair:2:   beast_lair_carwin_large_1, minmay_shoals_entry_beasts,
          roderic_batcave, uniq_fannar
Lair:3:   minmay_snake_entry_guardpost_small, grunt_megastairs_3,
          lemuel_fruit_tree
Lair:4:   portal_ice_cave_entry_ice_beasts, grunt_megastairs_4
Lair:5:   minmay_slime_entry_oklob_open
Lair:6:   hangedman_lair_in_review, wormcave, uniq_snorg
Shoals:2: nicolae_shoals_square_sea_wall
Shoals:3: gammafunk_ghost_split, ldierk_geyser, uniq_ilsuiw, uniq_nikola
Shoals:4: shoals_end_simple
Orc:1:    nicolae_orc_lava_room, uniq_nergalle
Orc:2:    pubby_orc_utopia, uniq_sonja
IceCv:    ice_cave_small_dragons
Volcano:  volcano_lake

Skill      XL: |  1  2  3  4  5  6  7  8  9 10 11 12 13 14 15 16 |
---------------+-------------------------------------------------+-----
Axes           | 5 6 7 8 10 11 12 13 14 15 16 17 18 19 20 | 20.8
Fighting       | 4 5 6 7 9 10 11 12 13 | 13.7
Armour         | 2 3 5 6 7 8 9 10 11 12 | 12.1
Dodging        | 3 4 5 6 7 8 9 10 | 10.0
Invocations    | 2 6 8 11 12 14 15 17 18 | 18.4
Throwing       | 3 |  3.3
Stealth        | |  1.5
Evocations     | |  0.7

Action                   |  1- 3 |  4- 6 |  7- 9 | 10-12 | 13-15 | 16-18 || total
-------------------------+-------+-------+-------+-------+-------+-------++-------
Melee: Hand axe          |    94 |   252 |   410 |   204 |       |       ||   960
       Unarmed           |       |       |    18 |       |       |       ||    18
       War axe           |       |       |       |    47 |       |       ||    47
       Battleaxe         |       |       |       |   548 |  1052 |   428 ||  2028
       Halberd           |       |       |       |       |    18 |       ||    18
Throw: Tomahawk          |       |       |       |       |       |     4 ||     4
Invok: Convert to Beogh  |       |       |     1 |       |       |       ||     1
       Recall Orcish Fol |       |       |       |     4 |     4 |     2 ||    10
       Give Item to Name |       |       |       |     1 |     1 |       ||     2
       Smiting           |       |       |       |     1 |     5 |       ||     6
       Resurrection      |       |       |       |       |     2 |       ||     2
Evoke: Wand              |       |       |     6 |     2 |     2 |     1 ||    11
  Use: Scroll            |       |     1 |     1 |       |    18 |     6 ||    26
       Potion            |       |       |       |     1 |       |     5 ||     6
 Stab: Sleeping          |     1 |     4 |       |       |       |       ||     5
       Distracted        |       |       |       |     3 |    10 |     6 ||    19
       Paralysed         |       |       |       |       |     2 |     1 ||     3
  Eat: Chunk             |       |     9 |     9 |    21 |    34 |    11 ||    84
       Ration            |       |       |     1 |     3 |     2 |     2 ||     8
Armor: Ring mail         |    26 |    43 |       |       |       |       ||    69
       Leather armour    |     3 |       |       |       |       |       ||     3
       Chain mail        |       |    88 |   167 |   244 |     3 |       ||   502
       Skin              |       |       |     2 |       |       |       ||     2
       Plate armour      |       |       |       |   241 |   782 |   364 ||  1387
Dodge: Dodged            |    56 |   109 |   108 |   357 |   525 |   268 ||  1423

Table legend:
 A = Spawn XP
 B = Non-spawn XP
 C = Spawn XP percentage of total XP
 D = Spawn monster count
 E = Non-spawn monster count
 F = Spawn count percentage of total count
 G = Total turns spent on level
                    A         B        C        D         E        F      G
               +---------+---------+-------+---------+---------+-------+---------
         Total |       0 |  184053 |   0.0 |       0 |     881 |   0.0 | 32426
               +---------+---------+-------+---------+---------+-------+---------
           D:1 |       0 |      31 |   0.0 |       0 |      19 |   0.0 |   715
           D:2 |       0 |     130 |   0.0 |       0 |      24 |   0.0 |   648
           D:3 |       0 |     454 |   0.0 |       0 |      24 |   0.0 |   811
           D:4 |       0 |     327 |   0.0 |       0 |      11 |   0.0 |  1411
           D:5 |       0 |    1004 |   0.0 |       0 |      37 |   0.0 |  1391
           D:6 |       0 |    1357 |   0.0 |       0 |      34 |   0.0 |   868
           D:7 |       0 |    2398 |   0.0 |       0 |      20 |   0.0 |   841
           D:8 |       0 |    2328 |   0.0 |       0 |      30 |   0.0 |   776
           D:9 |       0 |    1271 |   0.0 |       0 |      16 |   0.0 |   990
          D:10 |       0 |    1453 |   0.0 |       0 |      13 |   0.0 |   825
          D:11 |       0 |    3727 |   0.0 |       0 |      39 |   0.0 |  1750
          D:12 |       0 |    3403 |   0.0 |       0 |      25 |   0.0 |   930
          D:13 |       0 |    8357 |   0.0 |       0 |      65 |   0.0 |  2255
          D:14 |       0 |   10165 |   0.0 |       0 |      30 |   0.0 |  1330
          D:15 |       0 |   23702 |   0.0 |       0 |      53 |   0.0 |  1083
        Lair:1 |       0 |    6806 |   0.0 |       0 |      41 |   0.0 |  1696
        Lair:2 |       0 |    5944 |   0.0 |       0 |      43 |   0.0 |  1191
        Lair:3 |       0 |   11136 |   0.0 |       0 |      53 |   0.0 |   679
        Lair:4 |       0 |    4078 |   0.0 |       0 |      24 |   0.0 |   573
        Lair:5 |       0 |    1902 |   0.0 |       0 |       7 |   0.0 |  1029
        Lair:6 |       0 |   20690 |   0.0 |       0 |      72 |   0.0 |  1701
      Shoals:1 |       0 |   11312 |   0.0 |       0 |      26 |   0.0 |  1616
      Shoals:2 |       0 |   13097 |   0.0 |       0 |      31 |   0.0 |  2015
      Shoals:3 |       0 |   20636 |   0.0 |       0 |      39 |   0.0 |  1384
      Shoals:4 |       0 |    6788 |   0.0 |       0 |       8 |   0.0 |    94
         Orc:1 |       0 |    1903 |   0.0 |       0 |      23 |   0.0 |   737
         Orc:2 |       0 |   10339 |   0.0 |       0 |      44 |   0.0 |  1159
         IceCv |       0 |    5297 |   0.0 |       0 |      20 |   0.0 |   622
       Volcano |       0 |    4018 |   0.0 |       0 |      10 |   0.0 |  1131
               +---------+---------+-------+---------+---------+-------+---------
